 Dungeon Crawl Stone Soup version 0.23-a0-391-g8c51ad5 (webtiles) character file.

696 galech the Covered (level 7, 54/54 HPs)
             Began as a Demonspawn Fighter on Oct 30, 2018.
             Was an Initiate of Okawaru.
             Quit the game on level 4 of the Dungeon.
             The game lasted 00:07:55 (4479 turns).

galech the Covered (Demonspawn Fighter)             Turns: 4479, Time: 00:07:56

Health: 54/54      AC: 14    Str: 16    XL:     7   Next: 37%
Magic:  7/7        EV:  7    Int:  9    God:    Okawaru [......]
Gold:   200        SH:  0    Dex: 15    Spells: 6/6 levels left

rFire    + . .     SeeInvis .   v - +2 scythe (vamp)
rCold    x . .     Gourm    +   (shield currently unavailable)
rNeg     . . .     Faith    .   l - +0 chain mail (curse)
rPois    .         Spirit   .   y - +0 helmet
rElec    .         Reflect  .   B - +0 cloak
rCorr    .         Harm     .   (no gloves)
MR       .....                  (no boots)
Stlth    ..........             q - amulet of the gourmand
HPRegen  0.18/turn              s - ring of fire
MPRegen  0.10/turn              x - ring of attention (curse)

@: no status effects
A: yellow scales 1, demonic guardian 2, powered by pain 1
a: Renounce Religion


You were on level 4 of the Dungeon.
You worshipped Okawaru.
Okawaru was noncommittal.
You were very full.

You visited 1 branch of the dungeon, and saw 4 of its levels.

You collected 200 gold pieces.

Inventory:

Hand Weapons
 a - a +0 war axe
 v - a +2 vampiric scythe (weapon)
Armour
 c - a +0 shield
 l - a cursed +0 chain mail (worn)
 y - a +0 helmet (worn)
 B - a +0 cloak (worn)
Jewellery
 m - an uncursed amulet of magic regeneration
 q - an amulet of the gourmand (around neck)
 s - a ring of fire (left hand)
 x - a cursed ring of attention (right hand)
Wands
 b - a wand of paralysis (7)
Scrolls
 e - 2 scrolls of immolation {unknown}
 g - 2 scrolls of fear {unknown}
 h - 3 scrolls of teleportation {unknown}
 i - 2 scrolls of remove curse {unknown}
 k - 3 scrolls of identify {unknown}
 n - a scroll of fog {unknown}
 p - 2 scrolls of random uselessness {unknown}
 u - a scroll of amnesia {unknown}
 w - 2 scrolls of enchant weapon {unknown}
 A - a scroll of magic mapping {unknown}
Potions
 d - a potion of might
 j - 4 potions of curing {unknown}
 o - a potion of invisibility
 r - 4 potions of flight {unknown}
 t - a potion of heal wounds {unknown}
 z - a potion of lignification {unknown}
Comestibles
 f - 3 rations


   Skills:
 + Level 4.2 Fighting
 + Level 4.1(4.5) Axes
 + Level 2.7(3.9) Polearms
 + Level 4.4 Armour
 + Level 1.4 Dodging
 + Level 3.6 Shields


You had 6 spell levels left.
You didn't know any spells.
Your spell library was empty.

Dungeon Overview and Level Annotations

Branches:
Dungeon (4/15)
 Temple: D:4-7

Altars:
Gozag
Kikubaaqudgha
Okawaru
Trog
Vehumet
Yredelemnul

Shops:
D:4 *[[


Innate Abilities, Weirdness & Mutations

You are partially covered in yellow scales. (AC +2)
A demonic guardian rushes to your aid.
You sometimes gain a little power by taking damage.


Message History

No target in view!
No target in view!
No target in view!
No target in view!
No target in view!
No target in view!
No target in view!
No target in view!
Found a cloak.
No target in view!
Found a stone staircase leading up.
There is a stone staircase leading down here.
You see here a cloak.
B - a cloak You start putting on your armour.
You continue putting on your cloak. x4
You finish putting on your +0 cloak.
Oops, that ring feels deathly cold.
x - a cursed ring of attention (right hand)
Okay, then.
Are you sure you want to abandon this character and quit the game? (Confirm

..#
#.......#.#########
### ##.#.####.#
#...# #.# ##..# #.#
############ #..#
#.# ...........#
#.># #.#
##########.# ##.#
#.# #.# #.####.#
#.#####@...#.#
#.#..#####.#.#
#.#......#.#.#
#.##.###.#...#
#...)###.#####
###...##.# #.#.##.#
#.#....# #รท######


There were no monsters in sight!

Vanquished Creatures
  Eustachio (D:4)
  A phantom (D:4)
  A scorpion (D:3)
  A howler monkey (D:4)
  Jessica (D:2)
  A worker ant (D:4)
  Robin (D:3)
  7 gnolls (D:4)
  3 adders
  4 oozes
  An adder skeleton (D:4)
  4 worms
  3 dart slugs
  A leopard gecko (D:1)
  2 orcs (D:3)
  4 giant cockroaches
  19 goblins
  9 hobgoblins
  7 kobolds
  3 quokkas
  3 ball pythons
  9 bats
  5 frilled lizards
  8 rats
99 creatures vanquished.

Vanquished Creatures (collateral kills)
  Sigmund (D:2)
  A frilled lizard (D:2)
2 creatures vanquished.

Grand Total: 101 creatures vanquished

Notes
Turn   | Place    | Note
-------+----------+-------------------------------------------
     0 | D:1      | galech the Demonspawn Fighter began the quest for the Orb.
     0 | D:1      | Reached XP level 1. HP: 18/18 MP: 1/1
   200 | D:1      | Gained mutation: You sometimes gain a little power by
                  | taking damage. [demonic ancestry]
   200 | D:1      | Reached XP level 2. HP: 20/24 MP: 2/2
   551 | D:1      | Gained mutation: A weak demonic guardian rushes to your
                  | aid. [demonic ancestry]
   551 | D:1      | Reached XP level 3. HP: 23/29 MP: 3/3
  1065 | D:2      | Noticed Jessica
  1074 | D:2      | Killed Jessica
  1074 | D:2      | Reached XP level 4. HP: 28/35 MP: 4/4
  1444 | D:2      | Found a bloodstained altar of Trog.
  1610 | D:2      | Noticed Sigmund
  1852 | D:2      | Killed Sigmund
  1852 | D:2      | Reached skill level 1 in Dodging
  1852 | D:2      | Reached XP level 5. HP: 35/42 MP: 5/5
  1963 | D:2      | Found an iron altar of Okawaru.
  1971 | D:2      | Became a worshipper of Warmaster Okawaru
  2102 | D:2      | Found a basalt altar of Yredelemnul.
  2237 | D:3      | Noticed Robin
  2257 | D:3      | Killed Robin
  2257 | D:3      | Gained mutation: You are partially covered in yellow
                  | scales. (AC +2) [demonic ancestry]
  2257 | D:3      | Reached XP level 6. HP: 34/48 MP: 6/6
  2378 | D:3      | Found an opulent altar of Gozag.
  2951 | D:3      | Found a radiant altar of Vehumet.
  3529 | D:4      | Found Byvura's Assorted Antiques.
  3533 | D:4      | Noticed Eustachio
  3614 | D:4      | Killed Eustachio
  3614 | D:4      | Reached skill level 1 in Polearms
  3770 | D:4      | Found an ancient bone altar of Kikubaaqudgha.
  3799 | D:4      | Found Wamn's Armour Boutique.
  3870 | D:4      | Gained mutation: A demonic guardian rushes to your aid.
                  | [demonic ancestry]
  3870 | D:4      | Reached XP level 7. HP: 43/54 MP: 7/7
  4419 | D:4      | Found Afaxt's Antique Armour Boutique.
  4479 | D:4      | Quit the game

Vault maps used:
D:1:      lightli_arrival_windingriver, minmay_misc_feat_cross, st_stairs_4,
          hangedman_decor_points, minmay_cupped
D:2:      lemuel_doored_altar, old_standard_altar, kennysheep_okawaru_gauntlet,
          uniq_jessica, uniq_sigmund
D:3:      nicolae_overflow_hidden_temple, grunt_gozag_statues, uniq_robin
D:4:      kennysheep_mini, serial_shops, shop_fountains, shop_fountains, shop,
          shop, uniq_eustachio

Skill      XL: |  1  2  3  4  5  6 |
---------------+-------------------+-----
Armour         | 3 4 |  4.4
Axes           | 2 3 4 |  4.1
Shields        | 3 |  3.6
Dodging        | 1 |  1.4
Fighting       | 4 |  4.2
Polearms       | 2 |  2.7

Action                   |  1- 3 |  4- 6 |  7- 9 || total
-------------------------+-------+-------+-------++-------
Melee: War axe           |    90 |    99 |       ||   189
       Scythe            |       |   130 |    49 ||   179
  Eat: Chunk             |     1 |    29 |     1 ||    31
Armor: Scale mail        |    46 |       |       ||    46
       Chain mail        |     9 |   200 |    76 ||   285
Dodge: Dodged            |    50 |    99 |    37 ||   186
Block: Shield            |    58 |    55 |       ||   113

Table legend:
 A = Non-vault XP
 B = Vault XP
 C = Vault XP percentage of total XP
 D = Non-vault monster count
 E = Vault monster count
 F = Vault count percentage of total count
                 A         B        C        D         E       F
            +---------+---------+-------+---------+---------+-------
      Total |     586 |     409 |  41.1 |      84 |      17 |  16.8
            +---------+---------+-------+---------+---------+-------
        D:1 |      45 |       3 |   6.2 |      26 |       2 |   7.1
        D:2 |      81 |     221 |  73.2 |      25 |       2 |   7.4
        D:3 |     112 |      35 |  23.8 |      16 |      12 |  42.9
        D:4 |     348 |     150 |  30.1 |      17 |       1 |   5.6
            +---------+---------+-------+---------+---------+-------
